 Dungeon Crawl Stone Soup version 0.27-a0-333-gfa571bf19a (webtiles) character file.

Game seed: 7249730523732299246

7 inc the Vexing (level 1, 0/7 HPs)
             Began as a Felid Enchanter on Feb 12, 2021.
             Slain by a ball python (1 damage)
             ... on level 1 of the Dungeon.
             The game lasted 00:01:31 (891 turns).

inc the Vexing (Felid Enchanter)                     Turns: 891, Time: 00:01:31

Health: 0/7        AC:  1    Str:  4    XL:     1   Next: 83%
Magic:  2/4        EV: 15    Int: 16    God:
Gold:   20         SH:  0    Dex: 16    Spells: 3/4 levels left
                                        Lives:  0   Deaths: 0

rFire    . . .     SeeInvis +     - Unarmed
rCold    . . .     Faith    .   (shield unavailable)
rNeg     . . .     Spirit   .   (armour unavailable)
rPois    .         Reflect  .   (helmet unavailable)
rElec    .         Harm     .   (cloak unavailable)
rCorr    .         Rampage  .   (gloves unavailable)
Will     +....                  (boots unavailable)
Stlth    +++.......             (no amulet)
HPRegen  0.02/turn              d - ring of willpower
MPRegen  0.09/turn              (no ring)

@: very slightly contaminated, constricted, quick
A: very small, no armour, no weapons or thrown items, stealth, claws 1, fangs 3,
see invisible, speed 1, shaggy fur 1, sharp paws
a: no special abilities


You were on level 1 of the Dungeon.
You visited 1 branch of the dungeon, and saw 2 of its levels.

You collected 20 gold pieces.

Inventory:

Jewellery
 d - a ring of willpower (left paw)
Scrolls
 a - a scroll of enchant armour {unknown}
 c - a scroll of random uselessness {unknown}
Potions
 b - a potion of haste {unknown}


   Skills:
 - Level 2.6 Dodging
 - Level 4.0 Stealth
 - Level 1.0 Unarmed Combat
 - Level 2.0 Spellcasting
 + Level 5.1 Hexes


You had 3 spell levels left.
You knew the following spells:

 Your Spells              Type           Power        Failure   Level
a - Corona                Hex            20%          2%          1

Your spell library contained the following spells:

 Spells                   Type           Power        Failure   Level
 Confusing Touch          Hex            18%          8%          3
 Tukima's Dance           Hex            18%          8%          3
 Ensorcelled Hibernation  Hex/Ice        18%          11%         2
 Dazzling Flash           Conj/Hex       18%          22%         3


Dungeon Overview and Level Annotations

Branches:
Dungeon (2/15)

Altars:


Innate Abilities, Weirdness & Mutations

You cannot wear armour.
You are incapable of wielding weapons or throwing items.
Your paws allow you to move quietly. (Stealth)
You have sharp claws.
You have razor-sharp teeth.
You have supernaturally acute eyesight. (SInv)
You cover ground quickly.
You are covered in fur. (AC +1)
Your sharp claws are effective at attacking unaware monsters.


Message History

You start resting.
A ball python is nearby!
Things that are here:
a +0 whip; a kobold corpse
Casting: Corona (safe; 2% risk of failure)
Confirm with . or Enter, or press ? or * to list all spells.
Aiming: Corona (safe; 2% risk of failure)
Press: ? - help, Shift-Dir - straight line, f - ball python
Aim: a ball python (wandering, hasn't noticed you, chance to affect: 73%)
The ball python barely resists.
Casting: Corona (safe; 2% risk of failure)
Confirm with . or Enter, or press ? or * to list all spells.
Aiming: Corona (safe; 2% risk of failure)
Press: ? - help, Shift-Dir - straight line, f/p - ball python
Aim: a ball python (chance to affect: 73%)
Okay, then.
Casting: Corona (safe; 2% risk of failure)
Confirm with . or Enter, or press ? or * to list all spells.
Aiming: Corona (safe; 2% risk of failure)
Press: ? - help, Shift-Dir - straight line, f/p - ball python
Aim: a ball python (chance to affect: 73%)
You miscast Corona.
You are very lightly contaminated with residual magic.
Nothing appears to happen.
Casting: Corona (safe; 2% risk of failure)
Confirm with . or Enter, or press ? or * to list all spells.
Aiming: Corona (safe; 2% risk of failure)
Press: ? - help, Shift-Dir - straight line, f/p - ball python
Aim: a ball python (chance to affect: 73%)
The ball python is outlined in light.
The ball python misses you. The ball python grabs you.
The ball python constricts you.
You scratch the ball python but do no damage.
The ball python barely misses you.
* * * LOW HITPOINT WARNING * * *
The ball python constricts you.
Unknown command.
You barely miss the ball python. The ball python closely misses you.
* * * LOW HITPOINT WARNING * * *
The ball python constricts you. The ball python misses you.
You die...

### .... #....
......##############....
......+@S...............
......#######)..........
........................
........................
..............######....
.....>........# #....
..............# #.###
......$.......#### #.# #
.................# #.# #


You could see a ball python (corona).

Vanquished Creatures
  A bat (D:2)
  A hobgoblin (D:2)
  A kobold (D:1)
  A frilled lizard (D:1)
  3 rats
7 creatures vanquished.

Vanquished Creatures (others)
  5 plants (D:2)
5 creatures vanquished.

Grand Total: 12 creatures vanquished

Notes
Turn   | Place    | Note
-------+----------+-------------------------------------------
     0 | D:1      | inc the Felid Enchanter began the quest for the Orb.
     0 | D:1      | Reached XP level 1. HP: 7/7 MP: 4/4
   775 | D:1      | Reached skill level 5 in Hexes
   891 | D:1      | Slain by a ball python

Illustrated notes

Levels and vault maps discovered:
D:1:      enne_arrival_octagon_isle, layout_basic
D:2:      layout_loops_ring, serial_forest, infiniplex_forest_lined_4_way,
          infiniplex_forest_lined_3, infiniplex_forest_lined_room_3,
          infiniplex_forest_clump_tiny, infiniplex_forest_clump_diagonal,
          infiniplex_forest_zigzag_1, uniq_terence

Skill      XL: |  1 |
---------------+----+-----
Hexes          | 5 |  5.1
Dodging        | |  2.6
Stealth        | |  4.0
Unarmed Combat | |  1.0
Spellcasting   | |  2.0

Action                   || total
-------------------------++-------
Melee: Unarmed           ||    28
       Punch             ||     1
       Bite              ||     1
 Cast: Corona            ||     5
 Stab: Sleeping          ||     2
Armor: Skin              ||     3
Dodge: Dodged            ||    46

Table legend: (Time is in decaauts)
 A = Elapsed time spent in this place.
 B = Non-inter-level travel time spent in this place.
 C = Inter-level travel time spent in this place.
 D = Time resting spent in this place.
 E = Time spent auto-exploring this place.
 F = Levels seen in this place.
 G = Mean time per level.
                   A        B        C        D        E       F      G
               +--------+--------+--------+--------+--------+-----+--------+
         Total |    809 |    809 |      0 |    437 |    217 |   2 |  404.5 |
       Dungeon |    809 |    809 |      0 |    437 |    217 |   2 |  404.5 |
               +--------+--------+--------+--------+--------+-----+--------+

Top non-repeatable levels by time:
     D:2: 549 daAuts
     D:1: 259 daAuts
